TOP OF THE 1ST |
Oakland Athletics batting - Pitching for Seattle Mariners : RHP Bas Kooy
|
Pitching: RHP Bas Kooy
|
|
Batting: RHB Muneo Kawachi
|
0-0: Foul Ball, location: 2F 0-1: Fly out, F8 (Line Drive, 8RM, EV 108.8 MPH)
|
Batting: RHB Philip Jansen
|
0-0: Ball 1-0: Swinging Strike 1-1: Swinging Strike 1-2: Strikes out swinging
|
Batting: LHB Nate Dean
|
0-0: Ball 1-0: Ball 2-0: Ball 3-0: Swinging Strike 3-1: SINGLE (Groundball, 56D, EV 96.3 MPH)
|
Batting: LHB Sakae Kasahara
|
0-0: Fielders Choice at 2nd, 5-6 (Groundball, 6D, EV 106.3 MPH)
|
Top of the 1st over - 0 runs, 1 hit, 0 errors, 1 left on base; Oakland 0 - Seattle 0 |
BOTTOM OF THE 1ST |
Seattle Mariners batting - Pitching for Oakland Athletics : LHP Shelby Rich
|
Pitching: LHP Shelby Rich
|
|
Batting: RHB Jose Vasquez
|
0-0: SOLO HOME RUN (Flyball, 7D, EV 101.9 MPH), Distance : 385 ft
|
Batting: RHB Steve Bartman Jr.
|
0-0: Called Strike 0-1: Ground out 6-3 (Groundball, 6, EV 79.4 MPH)
|
Batting: SHB Floyd-William Goof
|
0-0: Called Strike 0-1: Ground out 1-3 (Groundball, 34S, EV 68.1 MPH)
|
Batting: SHB Tze-meng Gan
|
0-0: Called Strike 0-1: DOUBLE (Groundball, 3L, EV 94.4 MPH)
|
Batting: SHB Nelson Powell
|
0-0: Ball 1-0: Fly out, F7 (Line Drive, 7D, EV 97.5 MPH)
|
Bottom of the 1st over - 1 run, 2 hits, 0 errors, 1 left on base; Oakland 0 - Seattle 1 |
TOP OF THE 2ND |
Oakland Athletics batting - Pitching for Seattle Mariners : RHP Bas Kooy
|
Batting: SHB Robert Handy
|
0-0: Called Strike 0-1: SOLO HOME RUN (Flyball, 9D, EV 96.9 MPH), Distance : 375 ft
|
Batting: LHB George Leary
|
0-0: Called Strike 0-1: Ball 1-1: Ball 2-1: Swinging Strike 2-2: Ball 3-2: Foul Ball, location: 2F 3-2: Strikes out swinging
|
Batting: SHB Ryan Langlois
|
0-0: Called Strike 0-1: Called Strike 0-2: Ball 1-2: Foul Ball, location: 2F 1-2: Foul Ball, location: 2F 1-2: Strikes out swinging
|
Batting: RHB Justin McQuarter
|
0-0: Called Strike 0-1: Swinging Strike 0-2: Ball 1-2: Strikes out swinging
|
Top of the 2nd over - 1 run, 1 hit, 0 errors, 0 left on base; Oakland 1 - Seattle 1 |
BOTTOM OF THE 2ND |
Seattle Mariners batting - Pitching for Oakland Athletics : LHP Shelby Rich
|
Batting: LHB Bi-jun Chien
|
0-0: Called Strike 0-1: Foul Ball, location: 2F 0-2: Ball 1-2: Ball 2-2: Ground out 5-3 (Groundball, 56, EV 100.6 MPH)
|
Batting: RHB Corey Ottinger
|
0-0: Fly out, F8 (Line Drive, 8LM, EV 106.3 MPH)
|
Batting: RHB Leon Alders
|
0-0: Called Strike 0-1: Ball 1-1: Foul Ball, location: 2F 1-2: SINGLE (Groundball, 56D, EV 96.3 MPH)
|
Batting: LHB Dae-ik Yoon
|
0-0: Foul Ball, location: 2F 0-1: Ball 1-1: Ball 2-1: Ball 3-1: Swinging Strike 3-2: Ground out 1-3 (Groundball, 13S, EV 65.6 MPH)
|
Bottom of the 2nd over - 0 runs, 1 hit, 0 errors, 1 left on base; Oakland 1 - Seattle 1 |
TOP OF THE 3RD |
Oakland Athletics batting - Pitching for Seattle Mariners : RHP Bas Kooy
|
Batting: SHB Bob Morales
|
0-0: Ball 1-0: SOLO HOME RUN (Flyball, 7LD, EV 97.5 MPH), Distance : 360 ft
|
Batting: RHB Muneo Kawachi
|
0-0: Ball 1-0: Foul Ball, location: 2F 1-1: Ball 2-1: Foul Ball, location: 2F 2-2: Strikes out swinging
|
Batting: RHB Philip Jansen
|
0-0: Ball 1-0: Swinging Strike 1-1: Ball 2-1: Swinging Strike 2-2: Foul Ball, location: 2F 2-2: Strikes out swinging, 2-3 out at first.
|
Batting: LHB Nate Dean
|
0-0: Swinging Strike 0-1: Swinging Strike 0-2: Ball 1-2: Ball 2-2: Strikes out swinging
|
Top of the 3rd over - 1 run, 1 hit, 0 errors, 0 left on base; Oakland 2 - Seattle 1 |
BOTTOM OF THE 3RD |
Seattle Mariners batting - Pitching for Oakland Athletics : LHP Shelby Rich
|
Batting: RHB Jose Vasquez
|
0-0: Ball 1-0: SINGLE (Line Drive, 56, EV 100.0 MPH)
|
Batting: RHB Steve Bartman Jr.
|
0-0: Ball 1-0: Called Strike 1-1: Ball 2-1: Ground out 6-3 (Groundball, 56D, EV 108.1 MPH) Jose Vasquez to second
|
Batting: SHB Floyd-William Goof
|
0-0: Ball 1-0: Swinging Strike 1-1: Foul Ball, location: 2F 1-2: Ball Wild Pitch! Jose Vasquez to third 2-2: Foul Ball, location: 2F 2-2: Foul Ball, location: 2F 2-2: Ball 3-2: Foul Ball, location: 2F 3-2: Foul Ball, location: 2F 3-2: Base on Balls
|
Batting: SHB Tze-meng Gan
|
0-0: Called Strike Floyd-William Goof steals 2nd base 0-1: Ball 1-1: Ball 2-1: DOUBLE (Flyball, 78XD, EV 97.5 MPH) Jose Vasquez scores Floyd-William Goof scores
|
Batting: SHB Nelson Powell
|
0-0: Ground out 6-3 (Groundball, 6, EV 86.3 MPH) Tze-meng Gan to third
|
Batting: LHB Bi-jun Chien
|
0-0: Swinging Strike 0-1: Ball 1-1: Called Strike 1-2: Strikes out swinging
|
Bottom of the 3rd over - 2 runs, 2 hits, 0 errors, 1 left on base; Oakland 2 - Seattle 3 |
TOP OF THE 4TH |
Oakland Athletics batting - Pitching for Seattle Mariners : RHP Bas Kooy
|
Batting: LHB Sakae Kasahara
|
0-0: Ball 1-0: Foul Ball, location: 2F 1-1: Foul Ball, location: 2F 1-2: Fly out, F9 (Flyball, BS6, EV 93.8 MPH)
|
Batting: SHB Robert Handy
|
0-0: SINGLE (Flyball, 8LS, EV 89.4 MPH)
|
Batting: LHB George Leary
|
0-0: Called Strike 0-1: Fielders Choice at 2nd, 3-6 (Groundball, 23, EV 77.5 MPH)
|
Batting: SHB Ryan Langlois
|
0-0: Ball 1-0: Ball 2-0: Ball 3-0: Called Strike 3-1: Foul Ball, location: 2F 3-2: Base on Balls George Leary to second
|
Batting: RHB Justin McQuarter
|
0-0: Called Strike 0-1: Foul Ball, location: 2F 0-2: Strikes out swinging
|
Top of the 4th over - 0 runs, 1 hit, 0 errors, 2 left on base; Oakland 2 - Seattle 3 |
BOTTOM OF THE 4TH |
Seattle Mariners batting - Pitching for Oakland Athletics : LHP Shelby Rich
|
Batting: RHB Corey Ottinger
|
0-0: Swinging Strike 0-1: Called Strike 0-2: Foul Ball, location: 2F 0-2: Foul Ball, location: 2F 0-2: Strikes out swinging
|
Batting: RHB Leon Alders
|
0-0: Ball 1-0: Ball 2-0: Ball 3-0: Called Strike 3-1: Foul Ball, location: 2F 3-2: Base on Balls
|
Batting: LHB Dae-ik Yoon
|
0-0: Called Strike Leon Alders steals 2nd base 0-1: Ball Wild Pitch! Leon Alders to third 1-1: Foul Ball, location: 2F 1-2: Foul Ball, location: 2F 1-2: Ball 2-2: Foul Ball, location: 2F 2-2: Foul Ball, location: 2F 2-2: Strikes out swinging, 2-3 out at first.
|
Batting: RHB Jose Vasquez
|
0-0: Ball 1-0: Swinging Strike 1-1: Ball 2-1: Foul Ball, location: 2F 2-2: Ball 3-2: Base on Balls
|
Batting: RHB Steve Bartman Jr.
|
0-0: Ball 1-0: Called Strike 1-1: Foul Ball, location: 2F 1-2: Ground out 5-3 (Groundball, 56S, EV 86.9 MPH)
|
Bottom of the 4th over - 0 runs, 0 hits, 0 errors, 2 left on base; Oakland 2 - Seattle 3 |
TOP OF THE 5TH |
Oakland Athletics batting - Pitching for Seattle Mariners : RHP Bas Kooy
|
Batting: SHB Bob Morales
|
0-0: Swinging Strike 0-1: Ground out 6-3 (Groundball, 6M, EV 85.6 MPH)
|
Batting: RHB Muneo Kawachi
|
0-0: Foul Ball, location: 2F 0-1: Ball 1-1: Foul Ball, location: 2F 1-2: Ball 2-2: Foul Ball, location: 2F 2-2: Fly out, F8 (Flyball, 78M, EV 83.8 MPH)
|
Batting: RHB Philip Jansen
|
0-0: Called Strike 0-1: Ball 1-1: Ball 2-1: Foul Ball, location: 2F 2-2: Strikes out looking
|
Top of the 5th over - 0 runs, 0 hits, 0 errors, 0 left on base; Oakland 2 - Seattle 3 |
BOTTOM OF THE 5TH |
Seattle Mariners batting - Pitching for Oakland Athletics : LHP Shelby Rich
|
Batting: SHB Floyd-William Goof
|
0-0: Foul Ball, location: 2F 0-1: Ball 1-1: Hit by Pitch
|
Batting: SHB Tze-meng Gan
|
0-0: Called Strike 0-1: Ball 1-1: Ball Floyd-William Goof steals 2nd base 2-1: Ground out 1-3 (Groundball, 13, EV 70.0 MPH) Floyd-William Goof to third
|
Batting: SHB Nelson Powell
|
0-0: Ball 1-0: Ball 2-0: Called Strike 2-1: Swinging Strike 2-2: Ground out 6-3 (Groundball, 6, EV 86.3 MPH) Floyd-William Goof scores
|
Batting: LHB Bi-jun Chien
|
0-0: Ground out 2-3 (Groundball, 2R, EV 72.5 MPH)
|
Bottom of the 5th over - 1 run, 0 hits, 0 errors, 0 left on base; Oakland 2 - Seattle 4 |
TOP OF THE 6TH |
Oakland Athletics batting - Pitching for Seattle Mariners : RHP Bas Kooy
|
Batting: LHB Nate Dean
|
0-0: Swinging Strike 0-1: Ball 1-1: Foul Ball, location: 2F 1-2: SINGLE (Groundball, 34D, EV 103.1 MPH)
|
Batting: LHB Sakae Kasahara
|
0-0: Grounds into double play, 4-6-3 (Groundball, 4, EV 85.0 MPH)
|
Batting: SHB Robert Handy
|
0-0: Called Strike 0-1: Ground out 5-3 (Groundball, 56, EV 89.4 MPH)
|
Top of the 6th over - 0 runs, 1 hit, 0 errors, 0 left on base; Oakland 2 - Seattle 4 |
BOTTOM OF THE 6TH |
Seattle Mariners batting - Pitching for Oakland Athletics : LHP Shelby Rich
|
Batting: RHB Corey Ottinger
|
0-0: Ball 1-0: Swinging Strike 1-1: Called Strike 1-2: Ball 2-2: Strikes out swinging
|
Batting: RHB Leon Alders
|
0-0: Ball 1-0: Ball 2-0: Called Strike 2-1: SINGLE (Groundball, 4M, EV 102.5 MPH) (infield hit)
|
Pitching: RHP John Owens
|
|
Batting: LHB Dae-ik Yoon
|
0-0: Called Strike Leon Alders steals 2nd base 0-1: Ball 1-1: Ball 2-1: Ground out 5-3 (Groundball, 56, EV 103.8 MPH)
|
Batting: RHB Jose Vasquez
|
0-0: Fly out, F4 (Popup, 34S, EV 82.5 MPH)
|
Bottom of the 6th over - 0 runs, 1 hit, 0 errors, 1 left on base; Oakland 2 - Seattle 4 |
TOP OF THE 7TH |
Oakland Athletics batting - Pitching for Seattle Mariners : RHP Bas Kooy
|
Batting: LHB George Leary
|
0-0: Called Strike 0-1: Ball 1-1: Ground out 5-3 (Groundball, 6, EV 85.6 MPH)
|
Batting: SHB Ryan Langlois
|
0-0: Foul Ball, location: 2F 0-1: Foul Ball, location: 2F 0-2: Ball 1-2: Ground out 4-3 (Groundball, 4MD, EV 103.1 MPH)
|
Batting: RHB Justin McQuarter
|
0-0: Swinging Strike 0-1: Ball 1-1: Swinging Strike 1-2: Ball 2-2: Fly out, F8 (Flyball, 8RM, EV 95.6 MPH)
|
Top of the 7th over - 0 runs, 0 hits, 0 errors, 0 left on base; Oakland 2 - Seattle 4 |
BOTTOM OF THE 7TH |
Seattle Mariners batting - Pitching for Oakland Athletics : RHP John Owens
|
Batting: RHB Steve Bartman Jr.
|
0-0: Ball 1-0: Called Strike 1-1: Ball 2-1: Ground out 6-3 (Groundball, 56, EV 96.3 MPH)
|
Batting: SHB Floyd-William Goof
|
0-0: Ball 1-0: Ball 2-0: Called Strike 2-1: Ball 3-1: Foul Ball, location: 2F 3-2: Base on Balls
|
Batting: SHB Tze-meng Gan
|
0-0: Ball Floyd-William Goof is caught stealing 2nd base 2-6 1-0: Called Strike 1-1: Called Strike 1-2: Strikes out swinging
|
Bottom of the 7th over - 0 runs, 0 hits, 0 errors, 0 left on base; Oakland 2 - Seattle 4 |
TOP OF THE 8TH |
Oakland Athletics batting - Pitching for Seattle Mariners : RHP Bas Kooy
|
Batting: SHB Bob Morales
|
0-0: Ball 1-0: Foul Ball, location: 2F 1-1: Called Strike 1-2: Strikes out swinging
|
Batting: RHB Muneo Kawachi
|
0-0: Called Strike 0-1: Foul Ball, location: 2F 0-2: Ball 1-2: SINGLE (Flyball, 9LS, EV 93.8 MPH)
|
Pitching: RHP William Cordero
|
|
Batting: RHB Philip Jansen
|
0-0: Ball 1-0: Foul Ball, location: 2F 1-1: Ball 2-1: Foul Ball, location: 2F 2-2: Fly out, F5 (Line Drive, 5, EV 69.4 MPH)
|
Batting: LHB Nate Dean
|
0-0: Called Strike 0-1: Ball 1-1: Ball 2-1: Ball 3-1: Called Strike 3-2: Foul Ball, location: 2F 3-2: Fly out, F8 (Line Drive, 8LM, EV 97.5 MPH)
|
Top of the 8th over - 0 runs, 1 hit, 0 errors, 1 left on base; Oakland 2 - Seattle 4 |
BOTTOM OF THE 8TH |
Seattle Mariners batting - Pitching for Oakland Athletics : RHP John Owens
|
Pitching: RHP Mike Chapman
|
|
Batting: SHB Nelson Powell
|
0-0: Foul Ball, location: 2F 0-1: Ball 1-1: Ball 2-1: Ground out 5-3 (Groundball, 5, EV 99.4 MPH)
|
Batting: LHB Bi-jun Chien
|
0-0: Swinging Strike 0-1: Ball 1-1: Called Strike 1-2: Ball 2-2: Ball 3-2: Foul Ball, location: 2F 3-2: Strikes out swinging
|
Batting: RHB Corey Ottinger
|
0-0: Called Strike 0-1: Ground out 6-3 (Groundball, 6, EV 105.6 MPH)
|
Bottom of the 8th over - 0 runs, 0 hits, 0 errors, 0 left on base; Oakland 2 - Seattle 4 |
TOP OF THE 9TH |
Oakland Athletics batting - Pitching for Seattle Mariners : RHP William Cordero
|
Batting: LHB Sakae Kasahara
|
0-0: Ball 1-0: Fly out, F8 (Flyball, 78D, EV 94.4 MPH)
|
Batting: SHB Robert Handy
|
0-0: Swinging Strike 0-1: Foul Ball, location: 2F 0-2: Foul Ball, location: 2F 0-2: Strikes out swinging
|
Batting: LHB George Leary
|
0-0: Swinging Strike 0-1: SINGLE (Groundball, 4S, EV 80.6 MPH) (infield hit)
|
Batting: SHB Ryan Langlois
|
0-0: Called Strike 0-1: Swinging Strike 0-2: Ball 1-2: Strikes out swinging
|
Top of the 9th over - 0 runs, 1 hit, 0 errors, 1 left on base; Oakland 2 - Seattle 4 |
|